 Dungeon Crawl Stone Soup version 0.26.1-11-gd32895ea62 (webtiles) character file.

Game seed: 18440306803852808151

676 selver the Spear-Bearer (level 7, -4/50 HPs)
             Began as a Merfolk Gladiator on June 22, 2021.
             Was a Follower of Okawaru.
             Slain by a troll (13 damage)
             ... on level 3 of the Dungeon.
             The game lasted 00:11:26 (3755 turns).

selver the Spear-Bearer (Merfolk Gladiator)         Turns: 3755, Time: 00:11:26

Health: -4/50      AC:  4    Str: 15    XL:     7   Next: 59%
Magic:  7/7        EV: 14    Int: 14    God:    Okawaru [*.....]
Gold:   249        SH:  0    Dex: 16    Spells: 6/6 levels left

rFire    . . .     SeeInvis .   a - +0 trident
rCold    . . .     Faith    .   (no shield)
rNeg     . . .     Spirit   .   b - +0 leather armour
rPois    .         Reflect  .   c - +0 helmet
rElec    .         Harm     .   (no cloak)
rCorr    .         Rampage  .   (no gloves)
Will     .....                  (no boots)
Stlth    +.........             (no amulet)
HPRegen  0.16/turn              g - +6 ring of intelligence
MPRegen  0.10/turn              (no ring)

@: hasted, very quick
A: change form in water, swift swim, stealthy swim
a: Renounce Religion, Heroism


You were on level 3 of the Dungeon.
You worshipped Okawaru.
Okawaru was aware of your devotion.
You visited 1 branch of the dungeon, and saw 4 of its levels.
You also visited: Sewer.

You collected 249 gold pieces.

Inventory:

Hand Weapons
 a - a +0 trident (weapon)
Missiles
 d - 4 throwing nets (quivered)
Armour
 b - a +0 leather armour (worn)
 c - a +0 helmet (worn)
Jewellery
 g - a +6 ring of intelligence (left hand)
Scrolls
 e - 4 scrolls of identify
 f - 2 scrolls of amnesia {unknown}
 h - a scroll of teleportation {unknown}
 j - 2 scrolls of remove curse {unknown}
 l - 2 scrolls of magic mapping
 n - 2 scrolls of random uselessness {unknown}
 p - 2 scrolls of enchant weapon {unknown}
 q - a scroll of fog {unknown}
Potions
 i - a potion of flight
 k - 2 potions of attraction
 m - a potion of heal wounds
 o - a potion of curing {unknown}


   Skills:
 - Level 2.1 Fighting
 + Level 12.0 Polearms
 - Level 2.0 Throwing
 - Level 4.0 Dodging


You had 6 spell levels left.
You didn't know any spells.
Your spell library contained the following spells:

 Spells                   Type           Power        Failure   Level
 Animate Dead             Necr           0%           98%         4
 Borgnjor's Vile Clutch   Necr/Erth      0%           100%        5
 Death Channel            Necr           0%           100%        6
 Simulacrum               Ice/Necr       0%           100%        6


Dungeon Overview and Level Annotations

Branches:
Dungeon (4/15)              Sewer (visited)
 Temple: D:4-7

Altars:
Nemelex Xobeh
Okawaru


Message History

You puncture something!
You hear some strange, mumbled words.
A puff of flame appears from out of thin air!
The puff of flame hits you.
You closely miss something. You puncture something! Okawaru accepts your kill.
Reactivating autopickup.
You feel a bit more experienced.
Your Polearms skill increases to level 12!
The orc priest invokes the aid of Beogh against you.
Beogh smites you!
There is a stone staircase leading up here.
The troll bites you! The troll claws you. The troll closely misses you.
You climb upwards.
There is a stone staircase leading down here.
You feel yourself speed up. The troll bites you!
* * * LOW HITPOINT WARNING * * *
The troll claws you!
You die...

#########..####....
##.....##.....##.... #######
##..............#.... #.....#
#....................
#.....####................#...
##.............................
###..............................
#..........#.....................
#..#.....#.#....@.........รท......
##.......#...#...T...............
##......#.[.....................
#.....................###...##..
#..........................#####
#.......................<..## #.
#....................###....# #.
#....................##.....###.
#...............(............##.


You could see a troll.

Vanquished Creatures
  Sigmund (D:2)
  2 bullfrogs (Sewer)
  3 orc wizards (D:4)
  A worker ant (D:2)
  13 adders
  10 oozes
  3 dart slugs
  7 leopard geckos (Sewer)
  5 orcs
  17 ball pythons
  8 giant cockroaches
  8 goblins
  11 hobgoblins
  2 quokkas
  7 bats
  18 frilled lizards
  7 kobolds
  9 rats
132 creatures vanquished.

Notes
Turn   | Place    | Note
-------+----------+-------------------------------------------
     0 | D:1      | selver the Merfolk Gladiator began the quest for the Orb.
     0 | D:1      | Reached XP level 1. HP: 16/16 MP: 1/1
   125 | D:1      | Reached skill level 5 in Polearms
   129 | D:1      | Reached XP level 2. HP: 13/22 MP: 2/2
   623 | D:1      | Reached skill level 6 in Polearms
   623 | D:1      | Reached XP level 3. HP: 25/27 MP: 3/3
  1380 | D:2      | Found a sparkling altar of Nemelex Xobeh.
  1395 | D:2      | Reached XP level 4. HP: 33/33 MP: 4/4
  1397 | D:2      | Reached skill level 7 in Polearms
  1615 | D:2      | Found an iron altar of Okawaru.
  1630 | D:2      | Became a worshipper of Warmaster Okawaru
  1804 | D:2      | Reached skill level 8 in Polearms
  1804 | D:2      | Reached XP level 5. HP: 31/38 MP: 5/5
  2092 | D:2      | Noticed Sigmund
  2113 | D:2      | Killed Sigmund
  2114 | D:2      | Reached skill level 9 in Polearms
  2114 | D:2      | Reached XP level 6. HP: 34/44 MP: 6/6
  2278 | D:3      | Reached skill level 10 in Polearms
  2293 | D:3      | Found a glowing drain.
  2464 | Sewer    | Entered a sewer
  2750 | Sewer    | Reached * piety under Okawaru
  2923 | Sewer    | Reached skill level 11 in Polearms
  2923 | Sewer    | Reached XP level 7. HP: 48/50 MP: 7/7
  3676 | D:4      | Noticed a troll
  3751 | D:4      | Reached skill level 12 in Polearms
  3755 | D:3      | Slain by a troll

Illustrated notes

Levels and vault maps discovered:
D:1:      dpeg_arrival_ternary, layout_basic, minmay_liquid_box,
          dk_noncrumbling_4, ebering_dispersal_statue_hall, minmay_quantized
D:2:      layout_basic, overflow_temple_1_default,
          nicolae_overflow_crystal_walls, uniq_sigmund
D:3:      layout_rooms, portal_sewer_entry_d
D:4:      layout_cave_pods, gammafunk_temple_overflow_claw,
          cheibrodos_ashenzari_chains, serial_shops, kennysheep_little_box

Skill      XL: |  1  2  3  4  5  6  7 |
---------------+----------------------+-----
Polearms       | 5 6 8 9 11 12 | 12.0
Fighting       | |  2.1
Throwing       | |  2.0
Dodging        | |  4.0

Action                   |  1- 3 |  4- 6 |  7- 9 || total
-------------------------+-------+-------+-------++-------
Melee: Trident           |   122 |   202 |    78 ||   402
       Tailslap          |       |     5 |       ||     5
  Use: Potion            |       |     6 |     2 ||     8
       Scroll            |       |     2 |       ||     2
 Stab: Sleeping          |     2 |     3 |     1 ||     6
Armor: Leather armour    |    25 |    21 |     6 ||    52
Dodge: Dodged            |    56 |   120 |    36 ||   212
